 Dungeon Crawl Stone Soup version 0.28.0-53-g5a82cb258f (webtiles) character file.

Game seed: 8854666328339848011

14 Zeloya the Sneak (level 2, 28/28 HPs)
             Began as a Naga Monk on June 15, 2022.
             Was a Believer of Nemelex Xobeh.
             Quit the game on level 1 of the Dungeon.
             The game lasted 00:01:05 (980 turns).

Zeloya the Sneak (Naga Monk)                         Turns: 980, Time: 00:01:06

Health: 28/28      AC:  1    Str: 13    XL:     2   Next: 41%
Magic:  2/2        EV: 10    Int: 10    God:    Nemelex Xobeh [**....]
Gold:   45         SH:  0    Dex: 13    Spells: 1/1 levels left

rFire   . . .      SeeInvis +     - Unarmed
rCold   . . .      Faith    .   (no shield)
rNeg    . . .      Spirit   .   a - +0 robe
rPois   +          Reflect  .   (no helmet)
rElec   .          Harm     .   (no cloak)
rCorr   .          Rampage  .   (no gloves)
Will    .....                   (no barding)
Stlth   ++........              (no amulet)
HPRegen 0.09/turn               (no ring)
MPRegen 0.08/turn               (no ring)

@: very slow
A: AC +0, large, see invisible, deformed body, poison resistance, slowness 2,
spit poison 1, naga tail 1
a: Spit Poison, Renounce Religion, Draw Escape, Draw Destruction, Draw Summoning


You were on level 1 of the Dungeon.
You worshipped Nemelex Xobeh.
Nemelex Xobeh was pleased with you.
You visited 1 branch of the dungeon, and saw 1 of its levels.

You collected 45 gold pieces.

Inventory:

Armour
 a - a +0 robe (worn)
Jewellery
 e - an amulet of regeneration
Scrolls
 b - a scroll of identify {unknown}
 d - a scroll of fear {unknown}
Potions
 c - a potion of degeneration {unknown}


   Skills:
 - Level 3.0 Fighting
 - Level 2.4 Dodging
 + Level 3.6 Stealth
 * Level 3.5 Unarmed Combat


You had one spell level left.
You didn't know any spells.
Your spell library contained the following spells:

 Spells                   Type           Power      Damage    Failure   Level
 Ensorcelled Hibernation  Hex/Ice        0%         N/A       50%         2
 Spider Form              Tmut/Pois      0%         N/A       75%         3
 Anguish                  Hex/Necr       0%         N/A       98%         4
 Conjure Ball Lightning   Conj/Air       0%         3x3d6     100%        6
 Discord                  Hex            0%         N/A       100%        8
 Disjunction              Tloc           0%         N/A       100%        8


Dungeon Overview and Level Annotations

Branches:
Dungeon (1/15)

Altars:
Nemelex Xobeh


Innate Abilities, Weirdness & Mutations

Your serpentine skin is tough. (AC +0)
You have supernaturally acute eyesight. (SInv)
Armour fits poorly on your strangely shaped body.
Your system is resistant to poisons. (rPois)
You cover ground very slowly.
You can spit poison.
You have a snake-like lower body.


Message History

Found a stone staircase leading down.
An endoplasm comes into view.
An endoplasm is nearby!
The helpless endoplasm fails to defend itself.
You hit the endoplasm.
The endoplasm is heavily wounded.
The endoplasm hits you.
You hit the endoplasm.
You kill the endoplasm!
No target in view!
No target in view!
e - an amulet of regeneration Partly explored, can't reach some places.
Partly explored, can't reach some places.
Partly explored, can't reach some places.
There is an escape hatch in the floor here.
You hit the fungus but do no damage. You hit the fungus.
The fungus begins to die.
The fungus is lightly damaged.
You hit the fungus.
The fungus is lightly damaged.
You hit the fungus.
The fungus is lightly damaged.
You hit the fungus.
The fungus is lightly damaged.
A nearby fungus withers and dies.
Found a faded altar of an unknown god.
There is a faded altar of an unknown god here.
You cannot tell which god this altar belongs to.
Convert to them anyway?
Nemelex Xobeh accepts your prayer! Nemelex Xobeh welcomes you!
Nemelex will now gift you decks of power as you gain piety.
Nemelex Xobeh deals you some cards!
You now have 1 escape card, 6 destruction cards and 3 summoning cards.
Nemelex Xobeh deals you some cards!
You now have 2 escape cards, 9 destruction cards and 3 summoning cards.
You can now draw from decks of power.
Nemelex Xobeh deals you some cards!
You now have 3 escape cards, 13 destruction cards and 5 summoning cards.
Are you sure you want to abandon this character and quit the game? (Confirm with "yes".)

.##### #..#...##8.8##...##......
.###### ##...####P.##..#.........
......# ##..####..###.....#......
#####.###...###P.####....(.....##
.............###...##.####...##.#
............#####..##.# ##..###.
.......#.##.# #.#.P##.# #.## ##
......##.##.###8..###.######.###.
......##.##..###@8.##.##...##.#.#
......##.###############...###.#.
.#######....#.## #...##.#.# ##
####.##.# #...#.###. # #..#.#
#....## ## # ##...# ###...###. #
##..# ###..#.# # #### ##..## #
####


There were no monsters in sight!

Vanquished Creatures
  3 endoplasms (D:1)
  A goblin (D:1)
  A hobgoblin (D:1)
  2 ball pythons (D:1)
  A frilled lizard (D:1)
  2 kobolds (D:1)
  4 rats (D:1)
14 creatures vanquished.

Vanquished Creatures (others)
  A fungus (D:1)
1 creature vanquished.

Grand Total: 15 creatures vanquished

Notes
Turn   | Place    | Note
-------+----------+-------------------------------------------
     0 | D:1      | Zeloya the Naga Monk began the quest for the Orb.
     0 | D:1      | Reached XP level 1. HP: 21/21 MP: 1/1
   407 | D:1      | Reached XP level 2. HP: 28/28 MP: 2/2
   971 | D:1      | Found a faded altar of an unknown god.
   979 | D:1      | Prayed at the altar of an unknown god.
   979 | D:1      | Became a worshipper of Nemelex Xobeh the Trickster
   979 | D:1      | Reached * piety under Nemelex Xobeh
   979 | D:1      | Received a gift from Nemelex Xobeh
   979 | D:1      | Received a gift from Nemelex Xobeh
   979 | D:1      | Reached ** piety under Nemelex Xobeh
   979 | D:1      | Received a gift from Nemelex Xobeh
   980 | D:1      | Quit the game

Illustrated notes

Levels and vault maps discovered:
D:1:      minmay_arrival_diagonal_passages, layout_rooms,
          shapermc_ecumenical_altar_petra

Action                   || total
-------------------------++-------
Melee: Unarmed           ||    43
       Punch             ||     3
 Abil: Spit Poison       ||     3
 Stab: Sleeping          ||     2
Armor: Robe              ||     1
Dodge: Dodged            ||    14
